Map: Lightshade LE

Players

AGOElazer (Elazer)

  • Race: Zerg Zerg
  • League: Grandmaster

HeroMarine - Winner!

  • Race: Terran Terran
  • League: Master

Event: DreamHack SC2 Masters 2021 Summer

VOD

Have the link to the VOD?

Description

Time

  • Played on: June 5, 2021, 9:13 a.m.
  • Length: 3:21

All games in this series

Show
View Real Time Build Order
Export as new Build Order

AGOElazer Zerg 

Build Orders: Hatch First 

Get SALT Encoding   

  12  0:00  Drone  
  13  0:12  Overlord  
  13  0:16  Drone  
  14  0:30  Drone x2  
  16  0:47  Hatchery  
  15  0:50  Drone  
  15  0:54  Drone  
  17  0:57  Drone  
  18  1:07  Extractor  
  17  1:12  Spawning Pool  
  17  1:15  Drone  
  17  1:18  Drone  
  18  1:28  Drone  
  19  1:38  Drone  
  20  1:49  Drone  
  21  2:01  Zergling x2  
  21  2:02  Spine Crawler, Zergling x2  
  21  2:03  Queen  
  24  2:12  Zergling x4  
  25  2:21  Spine Crawler  
  24  2:25  Spine Crawler  
  23  2:32  Overlord  
  23  2:54  Zergling x12  
Show
View Real Time Build Order
Export as new Build Order

HeroMarine Terran - Winner!

Build Orders:  

Get SALT Encoding   

  12  0:00  SCV  
  13  0:12  SCV  
  14  0:18  Supply Depot  
  14  0:25  SCV  
  15  0:40  SCV  
  15  0:42  Barracks  
  16  0:54  Barracks  
  16  0:57  SCV  
  17  1:09  SCV  
  19  1:29  Orbital Command, Marine  
  19  1:36  Supply Depot  
  19  1:42  Marine  
  19  1:46  Marine  
  21  1:54  Bunker  
  21  1:55  SCV, Bunker  
  21  1:56  Bunker  
  21  1:59  Marine  
  23  2:04  Marine  
  23  2:07  SCV  
  25  2:15  Refinery  
  24  2:17  Marine  
  24  2:19  SCV  
  24  2:22  Marine  
  27  2:31  SCV  
  27  2:35  Marine  
  27  2:36  Supply Depot  
  29  2:40  Marine  
  29  2:43  SCV  
  31  2:58  SCV, Marine x2  
Tags
 
Add a new tag
Caveats
  • Supply blocks, unpowered buildings, or Contaminate may cause inaccurate times.
  • Supply counts are checked every 10 seconds.